 Dungeon Crawl Stone Soup version 0.26.1-11-gd32895ea62 (webtiles) character file.

Game seed: 9090946598880524893

1517 Zeld the Digger (level 8, -16/41 HPs)
             Began as a Gargoyle Earth Elementalist on Sept 5, 2021.
             Was an Initiate of Gozag.
             Demolished by Grum
             ... wielding a -1 glaive
              (22 damage)
             ... on level 8 of the Dungeon.
             The game lasted 00:10:00 (7395 turns).

Zeld the Digger (Gargoyle Earth Elementalist)       Turns: 7395, Time: 00:10:02

Health: -16/41     AC: 13    Str: 12    XL:     8   Next: 83%
Magic:  9/15       EV: 13    Int: 18    God:    Gozag
Gold:   467        SH:  0    Dex: 10    Spells: 2/17 levels left

rFire    . . .     SeeInvis .   a - +4 whip (elec)
rCold    . . .     Faith    .   (no shield)
rNeg     + . .     Spirit   .   c - +0 robe
rPois    ∞         Reflect  .   n - +0 helmet
rElec    +         Harm     .   (no cloak)
rCorr    .         Rampage  .   j - +2 pair of gloves
Will     .....                  C - +0 pair of boots
Stlth    +++.......             (no amulet)
HPRegen  0.13/turn              (no ring)
MPRegen  0.14/turn              (no ring)

@: no status effects
A: negative energy resistance 1, electricity resistance, unbreathing,
petrification resistance, miasma immunity, AC +5
a: Renounce Religion, Potion Petition, Call Merchant, Bribe Branch


You were on level 8 of the Dungeon.
You worshipped Gozag.
Gozag was aware of your devotion.
You visited 2 branches of the dungeon, and saw 9 of its levels.

You collected 553 gold pieces.
You paid 86 gold pieces to Gozag.

Inventory:

Hand Weapons
 a - a +4 whip of electrocution (weapon)
Missiles
 b - 91 stones (quivered)
Armour
 c - a +0 robe (worn)
 j - a +2 pair of gloves (worn)
 n - a +0 helmet (worn)
 C - a +0 pair of boots (worn)
Wands
 p - a wand of enslavement (21)
 E - a wand of flame (16)
 F - a wand of digging (6)
 H - a wand of iceblast (13)
Scrolls
 i - a scroll of blinking
 w - a scroll of magic mapping
 z - 3 scrolls of teleportation
 A - a scroll of remove curse
 I - a scroll of fear
Potions
 g - a potion of magic
 k - a potion of haste
 o - a potion of invisibility {unknown}
 r - 2 potions of might
 s - a potion of heal wounds {unknown}
 t - a potion of flight {unknown}
 v - a potion of curing {unknown}
 B - 2 potions of brilliance {unknown}


   Skills:
 + Level 3.7 Armour
 + Level 3.3 Dodging
 + Level 4.8 Stealth
 * Level 5.3 Spellcasting
 + Level 3.7 Conjurations
 - Level 1.0 Transmutations
 * Level 7.5 Earth Magic


You had 2 spell levels left.
You knew the following spells:

 Your Spells              Type           Power        Failure   Level
a - Sandblast             Erth           62%          1%          1
b - Passwall              Tmut/Erth      16%          3%          2
c - Stone Arrow           Conj/Erth      50%          3%          3
d - Petrify               Tmut/Erth      20%          22%         4
e - Lee's Rapid Deconstr  Erth           15%          16%         5

Your spell library contained the following spells:

 Spells                   Type           Power        Failure   Level


Dungeon Overview and Level Annotations

Branches:
Dungeon (8/15)             Temple (1/1) D:6
   Lair: D:8-11

Altars:
Ashenzari
Cheibriados
Dithmenos
Elyvilon
Fedhas
Gozag
Kikubaaqudgha
Makhleb
Nemelex Xobeh
Okawaru
Qazlal
Ru
Sif Muna
Trog
Uskayaw
Vehumet
Wu Jian
Xom
Yredelemnul
The Shining One

Shops:
D:7 (

Annotations:
D:8 Grum


Innate Abilities, Weirdness & Mutations

You are resistant to torment.
Your stone body is resilient. (AC +5)
You are immune to poison.
You resist negative energy. (rN+)
You are resistant to electric shocks. (rElec)
You can survive without breathing.
You are immune to petrification.
You are immune to miasma.


Message History

The wolf is heavily wounded.
b - 92 stones The wolf closely misses you.
The wolf bites you but does no damage. The wolf closely misses you.
The wolf bites you!
Grum hits you from afar with a -1 glaive!
Casting: Sandblast (safe; 1% risk of failure)
Confirm with . or Enter, or press ? or * to list all spells.
Aiming: Sandblast (safe; 1% risk of failure)
Press: ? - help, Shift-Dir - straight line, f/p - Grum
Aim: Grum, wielding a -1 glaive and wearing a +0 animal skin (lightly wounded, 16% to evade)
The blast of sand misses the wolf.
The blast of sand misses Grum.
b - 91 stones The wolf barely misses you.
The wolf completely misses you. The wolf bites you!
* * * LOW HITPOINT WARNING * * *
The wolf barely misses you. The wolf closely misses you.
The wolf bites you but does no damage.
Grum hits you from afar with a -1 glaive!!
Ouch! That really hurt!
You die...
Your body crumbles into a pile of gold.

..........# $
..........#
..........+
..........
.........#
........g##
......hhh.#
.......@..#
..........+ $
..........#
.........$# #...##.
..........# #......
.........##
#...[............##
#.................#
#.................#


You could see Grum and 3 wolves.

Vanquished Creatures
  A phantom (D:6)
  An ice beast (D:6)
  A centaur (D:7)
  An ogre (D:4)
  A big kobold (D:3)
  2 bullfrogs
  3 killer bees
  2 howler monkeys
  2 hounds
  2 jellies (D:6)
  2 orc wizards
  2 iguanas
  2 centaur skeletons
  7 worker ants
  8 adders
  10 gnolls (D:5)
  A shadow imp (D:4)
  2 white imps (D:6)
  An ooze (D:1)
  An adder zombie (D:6)
  A worm (D:2)
  A dart slug (D:1)
  5 leopard geckos
  17 orcs
  3 giant cockroaches
  2 gnoll zombies (D:4)
  5 goblins
  6 hobgoblins
  15 jackals
  4 ball pythons
  3 bats
  4 frilled lizards
  12 kobolds
  4 rats
134 creatures vanquished.

Notes
Turn   | Place    | Note
-------+----------+-------------------------------------------
     0 | D:1      | Zeld the Gargoyle Earth Elementalist began the quest for
                  | the Orb.
     0 | D:1      | Reached XP level 1. HP: 10/10 MP: 3/3
    70 | D:1      | Reached XP level 2. HP: 4/15 MP: 0/5
   389 | D:1      | Learned a level 2 spell: Passwall
   562 | D:1      | Reached skill level 1 in Transmutations
   699 | D:1      | Reached skill level 4 in Earth Magic
   699 | D:1      | Reached XP level 3. HP: 19/19 MP: 3/6
   719 | D:1      | Learned a level 3 spell: Stone Arrow
  1531 | D:2      | Found a snail-covered altar of Cheibriados.
  1641 | D:2      | Reached XP level 4. HP: 24/24 MP: 2/8
  1719 | D:2      | Reached skill level 1 in Armour
  2156 | D:3      | Found a burning altar of Makhleb.
  2165 | D:3      | Found a sacrificial altar of Ru.
  2268 | D:3      | Reached XP level 5. HP: 19/28 MP: 1/9
  2414 | D:3      | Learned a level 4 spell: Petrify
  2570 | D:3      | Reached skill level 1 in Conjurations
  3271 | D:3      | Found a faded altar of an unknown god.
  3551 | D:4      | Reached skill level 5 in Earth Magic
  3561 | D:4      | Noticed a big kobold
  3593 | D:3      | Killed a big kobold
  3594 | D:3      | Reached XP level 6. HP: 21/32 MP: 0/11
  4052 | D:4      | Reached XP level 7. HP: 36/36 MP: 9/12
  4096 | D:4      | Found a blossoming altar of Fedhas.
  4357 | D:4      | Found a basalt altar of Yredelemnul.
  4425 | D:5      | Entered Level 5 of the Dungeon
  4699 | D:5      | Found a stormy altar of Qazlal.
  4701 | D:5      | Noticed a fire elemental
  4703 | D:5      | Noticed a water elemental
  4703 | D:5      | Noticed an air elemental
  4907 | D:5      | Reached skill level 6 in Earth Magic
  5442 | D:6      | Found a staircase to the Ecumenical Temple.
  5631 | Temple   | Entered the Ecumenical Temple
  5670 | Temple   | Became a worshipper of Gozag Ym Sagoz the Greedy
  5755 | D:6      | Reached XP level 8. HP: 39/41 MP: 14/14
  5812 | D:6      | You fall into a shaft and drop 1 floor!
  5919 | D:6      | Found a shimmering blue altar of Sif Muna.
  5966 | D:6      | Found an ornate altar of the Wu Jian Council.
  5978 | D:6      | Found an ancient bone altar of Kikubaaqudgha.
  6151 | D:6      | Reached skill level 7 in Earth Magic
  6157 | D:6      | Learned a level 5 spell: Lee's Rapid Deconstruction
  6539 | D:7      | Reached skill level 5 in Spellcasting
  7045 | D:7      | Found Bousam's Weapon Emporium.
  7387 | D:8      | Noticed Grum
  7395 | D:8      | Demolished by Grum

Illustrated notes

Levels and vault maps discovered:
D:1:      psy_arrival_whirlpool, layout_rooms, minmay_misc_feat_roman
D:2:      minmay_spotlight, layout_loops_ring, cheibriados_altar_1,
          minmay_misc_feat_diagonals
D:3:      layout_basic, old_standard_altar, overflow_temple_1_default,
          chequers_ecumenical_altar_grove
D:4:      cheibrodos_thug_alley, layout_rooms, fedhas_altar_3,
          lemuel_zombie_altar_yredelemnul
D:5:      layout_basic, nicolae_qazlal_style_of_elements
D:6:      layout_gridville, general_overflow_altar,
          amethyst_overflow_temple_binary, minmay_temple_entry_wispy
D:7:      layout_rooms, serial_shops, nicolae_shop_stone, dk_noncrumbling_2,
          grunt_decor_resistance
D:8:      layout_gridville, zin_statuary, gammafunk_ghost_arena, serial_shops,
          nicolae_shop_behind_doors, uniq_grum
Temple:   jpeg_temple_clearing

Skill      XL: |  1  2  3  4  5  6  7  8 |
---------------+-------------------------+-----
Transmutations | 1 |  1.0
Earth Magic    | 4 5 6 7 |  7.5
Armour         | 1 2 3 |  3.7
Dodging        | 2 3 |  3.3
Spellcasting   | 3 4 5 |  5.3
Conjurations   | 1 2 3 |  3.7
Stealth        | 3 4 |  4.8

Action                   |  1- 3 |  4- 6 |  7- 9 || total
-------------------------+-------+-------+-------++-------
Melee: Unarmed           |    15 |       |       ||    15
       Whip              |       |   123 |    70 ||   193
Throw: Stone             |       |       |     1 ||     1
 Cast: Sandblast         |    43 |    49 |    99 ||   191
  Use: Scroll            |       |       |    18 ||    18
 Stab: Sleeping          |       |     2 |     5 ||     7
Armor: Robe              |    20 |    73 |    70 ||   163
Dodge: Dodged            |    37 |   106 |    96 ||   239
